 Dungeon Crawl Stone Soup version 0.32-a0-468-g38b2580584 (webtiles) character file.

Game seed: 1367039331023124311

53 ezpacito the Trooper (level 3, -2/20 HPs)
             Began as a Demonspawn Chaos Knight on Feb 24, 2024.
             Was a Plaything of Xom.
             Succumbed to an orange demon's poison
             ... on level 2 of the Dungeon.
             The game lasted 00:00:46 (504 turns).

ezpacito the Trooper (Demonspawn Chaos Knight)       Turns: 504, Time: 00:00:47

Health: -2/20      AC:  5    Str: 18    XL:     3   Next: 64%
Magic:  4/4        EV: 11    Int: 11    God:    Xom [......]
Gold:   88         SH:  0    Dex: 11    Spells: 4/4 levels left

rFire   . . .        a - +0 hand axe (chaos)
rCold   . . .        (no shield)
rNeg    . . .        b - +2 leather armour
rPois   .            (no helmet)
rElec   .            (no cloak)
rCorr   .            (no gloves)
SInv    .            (no boots)
Will    .....        (no amulet)
Stlth   +            (no ring)
HPRegen 0.23/turn    (no ring)
MPRegen 0.09/turn

%: clarity
@: lethally poisoned (-2 -> -16)
A: powered by pain 1, clarity, frail 3, strong 1
a: Renounce Religion


You were on level 2 of the Dungeon.
You worshipped Xom.
You were a very special plaything of Xom.
You visited 1 branch of the dungeon, and saw 2 of its levels.

You collected 88 gold pieces.

Inventory:

Hand Weapons
 a - a +0 hand axe of chaos (weapon)
Armour
 b - a +2 leather armour (worn)
Scrolls
 c - a scroll of butterflies
 d - a scroll of identify {unknown}
Potions
 e - a potion of haste {unknown}


   Skills:
 * Level 3.2 Fighting
 * Level 2.9 Axes
 * Level 2.2 Armour
 * Level 1.4 Dodging
 + Level 0.8 Stealth
 * Level 0.8 Unarmed Combat
 * Level 1.0 Spellcasting


You had 4 spell levels left.
You didn't know any spells.
Your spell library was empty.

Dungeon Overview and Level Annotations

Branches:
Dungeon (1/15)

Altars:


Innate Abilities, Weirdness & Mutations

You sometimes gain a little power by taking damage.
You possess an exceptional clarity of mind.
You are extremely frail. (-30% HP)
Your muscles are strong. (Str +4, Int/Dex -1)


Message History

The bat hits you but does no damage. The bat hits you but does no damage.
The bat hits you but does no damage. The bat barely misses you.
You hit the bat.
You kill the bat!
No target in view!
No target in view!
No target in view!
No target in view!
HP restored.
You now have 73 gold pieces (gained 12).
Found a stone staircase leading up.
You now have 88 gold pieces (gained 15).
No target in view!
A ball python comes into view.
The ball python hisses angrily.
A ball python comes into view.
The ball python moves out of view.
The ball python hisses angrily. "Time to have some fun!"
Found 8 gold pieces and a scroll labelled MURIHI UPPISMY.
The orange demon stings you.
You are lethally poisoned!
The orange demon poisons you! The orange demon misses you.
You hit the orange demon. You burn the orange demon.
The orange demon is lightly wounded.
You hit the ufetubus.
The ufetubus is poisoned.
You feel very sick.
You kill the ufetubus!
The ufetubus degenerates into a cloud of primal chaos!
The ball python barely misses you. x2; The orange demon stings you!
* * * LOW HITPOINT WARNING * * *
Xom thinks this is hilarious!
The orange demon completely misses you.
As you read the scroll of butterflies, it crumbles to dust.
You hear the flapping of tiny wings.
The ball python is knocked back by the sudden gust. x2
The orange demon is knocked back by the sudden gust.
You die...
Xom titters! #? #... ###.#####.... ....Sbb.b..# .bb4...S.## .b.b.bb... bbbb.b##

#bbb.b.## # ##@bb..... #.
###bbbbb.... #..
#.bbbbb.....
#.####.##...b.... ##...##
#...#.b##.#..b.... .......
#....#$.###.....##......
##### ##.#...##
####..#.#.... ....#
##..##..# ##....#.... ....#
###..##....######..........


You could see an orange demon (summoned, ally target) and 2 ball pythons.

Vanquished Creatures
  2 adders (D:2)
  A dart slug (D:2)
  4 bats (D:2)
  3 endoplasms
  2 giant cockroaches
  2 goblins
  2 hobgoblins
  4 jackals (D:2)
  A quokka (D:2)
  2 ball pythons (D:2)
  A frilled lizard (D:2)
  3 kobolds
  3 rats (D:2)
30 creatures vanquished.

Notes
Turn   | Place    | Note
-------+----------+-------------------------------------------
     0 | D:1      | ezpacito the Demonspawn Chaos Knight began the quest for
                  | the Orb.
     0 | D:1      | Reached XP level 1. HP: 18/18 MP: 1/1
    40 | D:1      | XOM: silly message
    87 | D:1      | XOM: give mutations
    87 | D:1      | Gained mutation: Your muscles are strong. (Str +4, Int/Dex
                  | -1) [Xom's mischief]
    87 | D:1      | Gained mutation: You possess an exceptional clarity of
                  | mind. [Xom's mischief]
    87 | D:1      | Gained mutation: You are frail. (-10% HP) [Xom's mischief]
    87 | D:1      | Gained mutation: You have hidden genetic defects. [Xom's
                  | mischief]
   143 | D:1      | Gained mutation: You are very frail. (-20% HP) [hidden
                  | defects]
   155 | D:1      | Reached skill level 1 in Dodging
   171 | D:1      | Gained mutation: You are extremely frail. (-30% HP) [hidden
                  | defects]
   171 | D:1      | Lost mutation: You have hidden genetic defects. [hidden
                  | defects expressed]
   221 | D:1      | You fall into a shaft and drop 1 floor!
   231 | D:2      | XOM: swap monsters
   238 | D:2      | Gained mutation: You sometimes gain a little power by
                  | taking damage. [demonic ancestry]
   238 | D:2      | Reached XP level 2. HP: 14/16 MP: 2/2
   391 | D:2      | Reached XP level 3. HP: 20/20 MP: 2/4
   401 | D:2      | Reached skill level 1 in Spellcasting
   501 | D:2      | XOM: summons 2 hostile demons
   502 | D:2      | Noticed an orange demon
   503 | D:2      | HP: 1/20 [orange demon[Xom] (9)]
   504 | D:2      | Succumbed to an orange demon's poison

Illustrated notes

Levels and vault maps discovered:
D:1:      dpeg_chamrin_arrival_tetris, layout_basic
D:2:      layout_rooms, serial_shops, nicolae_shop_advertising_works
          [nicolae_subvault_shop_adworks], st_stairs_4

Skill      XL: |  1  2  3 |
---------------+----------+-----
Dodging        | 1 |  1.4
Armour         | 2 |  2.2
Spellcasting   | 1 |  1.0
Fighting       | |  3.2
Axes           | |  2.9
Stealth        | |  0.8
Unarmed Combat | |  0.8

Action                     || total
---------------------------++-------
  Melee: Hand axe          ||    73
    Use: Scroll            ||     1
 Armour: Leather armour    ||    62
  Dodge: Dodged            ||    68

Table legend: (Time is in decaauts)
 A = Elapsed time spent in this place.
 B = Non-inter-level travel time spent in this place.
 C = Inter-level travel time spent in this place.
 D = Time resting spent in this place.
 E = Time spent auto-exploring this place.
 F = Levels seen in this place.
 G = Mean time per level.
                   A        B        C        D        E       F      G
               +--------+--------+--------+--------+--------+-----+--------+
         Total |    516 |    516 |      0 |      5 |    350 |   2 |  258.0 |
       Dungeon |    516 |    516 |      0 |      5 |    350 |   2 |  258.0 |
               +--------+--------+--------+--------+--------+-----+--------+

Top non-repeatable levels by time:
     D:2: 293 daAuts
     D:1: 223 daAuts
